 Dungeon Crawl Stone Soup version 0.22.1-2-g9c5b331 (webtiles) character file.

81 lysyklops the Covered (level 4, -5/41 HPs)
             Began as a Minotaur Fighter on Dec 16, 2018.
             Was an Initiate of Okawaru.
             Killed by divine providence
             ... invoked by an orc priest
              (15 damage)
             ... on level 3 of the Dungeon.
             The game lasted 00:02:51 (1284 turns).

lysyklops the Covered (Minotaur Fighter)            Turns: 1284, Time: 00:02:51

Health: -5/41      AC: 12    Str: 21    XL:     4   Next: 19%
Magic:  3/3        EV:  4    Int:  5    God:    Okawaru [......]
Gold:   99         SH:  9    Dex: 10    Spells: 3/3 levels left

rFire    . . .     SeeInvis .   a - +0 flail
rCold    . . .     Gourm    .   c - +0 shield
rNeg     . . .     Faith    .   o - +0 plate armour
rPois    .         Spirit   .   (helmet restricted)
rElec    .         Reflect  .   (no cloak)
rCorr    .         Harm     .   (no gloves)
MR       .....                  (no boots)
Stlth    ..........             (no amulet)
HPRegen  0.13/turn              (no ring)
MPRegen  0.08/turn              (no ring)

@: no status effects
A: retaliatory headbutt, horns 2
a: Renounce Religion


You were on level 3 of the Dungeon.
You worshipped Okawaru.
Okawaru was noncommittal.
You were not hungry.

You visited 1 branch of the dungeon, and saw 3 of its levels.

You collected 99 gold pieces.

Inventory:

Hand Weapons
 a - a +0 flail (weapon)
Armour
 c - a +0 shield (worn)
 o - a +0 plate armour (worn)
Jewellery
 b - an uncursed ring of wizardry {unknown}
Scrolls
 e - a scroll of magic mapping {unknown}
 g - 2 scrolls of remove curse {unknown}
 j - a scroll of teleportation {unknown}
 k - a scroll of identify {unknown}
 l - 2 scrolls of amnesia {unknown}
 r - a scroll of enchant armour {unknown}
Potions
 d - a potion of might
 h - 3 potions of curing {unknown}
 i - 3 potions of ambrosia {unknown}
 m - a potion of flight {unknown}
 n - a potion of magic {unknown}
 p - a potion of haste {unknown}
Comestibles
 f - 7 rations
 q - 2 chunks of flesh


   Skills:
 + Level 4.4 Fighting
 + Level 3.4 Maces & Flails
 + Level 4.4 Armour
 + Level 4.3 Shields


You had 3 spell levels left.
You didn't know any spells.
Your spell library was empty.

Dungeon Overview and Level Annotations

Branches:
Dungeon (3/15)

Altars:
Okawaru


Innate Abilities, Weirdness & Mutations

You reflexively headbutt those who attack you in melee.
You have a pair of horns on your head.


Message History

Pain shoots through your body!
You see here 2 scrolls labeled YMYROC YSIDAUT.
The orc priest mumbles some strange prayers to Beogh against you.
Beogh smites you!
The orc priest miscasts a cantrip.
Things that are here:
a jackal corpse x2
You block the orc priest's attack.
You closely miss the orc priest. The orc priest barely misses you.
Your shield and plate armour prevent you from hitting the orc priest.
The orc priest invokes the aid of Beogh against you.
Beogh smites you!
* * * LOW HITPOINT WARNING * * *
You hit the orc. You headbutt the orc.
You kill the orc!
Okawaru accepts your kill.
The orc priest looks satisfied for a moment.
The orc priest invokes the aid of Beogh against you.
Beogh smites you!
You die...

####†..<......#
#..........#
#..........#
#.##.###.### #.#...
#.#### #......#....#
#.........#.#
#......##...## #
#...##.###@##.# ##.#
#.# #.†..#
#.###.###.#### ##
#....oo.o## ..
#####.#### .# #
##.## #.##.# #...#
.....## #...######
.......
#...o....####.......


You could see an orc priest.

Vanquished Creatures
  An adder (D:2)
  An ooze (D:1)
  3 worms (D:2)
  A dart slug (D:3)
  2 leopard geckos
  4 orcs
  5 giant cockroaches
  5 goblins
  8 hobgoblins
  2 jackals (D:3)
  2 quokkas
  4 bats (D:1)
  3 kobolds
  6 rats
47 creatures vanquished.

Vanquished Creatures (others)
  7 toadstools (D:1)
7 creatures vanquished.

Grand Total: 54 creatures vanquished

Notes
Turn   | Place    | Note
-------+----------+-------------------------------------------
     0 | D:1      | lysyklops the Minotaur Fighter began the quest for the Orb.
     0 | D:1      | Reached XP level 1. HP: 19/19 MP: 0/0
    86 | D:1      | Reached XP level 2. HP: 22/27 MP: 1/1
   566 | D:2      | Reached XP level 3. HP: 25/33 MP: 2/2
  1022 | D:2      | Found an iron altar of Okawaru.
  1051 | D:2      | Became a worshipper of Warmaster Okawaru
  1187 | D:3      | Reached XP level 4. HP: 40/41 MP: 3/3
  1284 | D:3      | Killed from afar by an orc priest

Skill      XL: |  1  2 |
---------------+-------+-----
Armour         | 4 |  4.4
Fighting       | 4 |  4.4
Maces & Flails | 3 |  3.4
Shields        | 4 |  4.3

Action                   |  1- 3 |  4- 6 || total
-------------------------+-------+-------++-------
Melee: Flail             |   108 |    32 ||   140
       Headbutt          |    14 |     3 ||    17
  Eat: Chunk             |     1 |     1 ||     2
Armor: Scale mail        |    19 |       ||    19
       Plate armour      |    50 |    16 ||    66
Dodge: Dodged            |    31 |     8 ||    39
Block: Shield            |    72 |    20 ||    92
